 Dungeon Crawl Stone Soup version 0.28-a0-511-gcc94558de3 (webtiles) character file.

Game seed: 2277163064787479992

74 meatgazer the Skirmisher (level 4, -12/37 HPs)
             Began as a Demonspawn Monk on Sept 21, 2021.
             Was a Plaything of Xom.
             Killed by nerve-wracking pain
             ... invoked by an orc priest
              (14 damage)
             ... on level 3 of the Dungeon.
             The game lasted 00:04:58 (2658 turns).

meatgazer the Skirmisher (Demonspawn Monk)          Turns: 2658, Time: 00:05:00

Health: -12/37     AC: 10    Str: 18    XL:     4   Next: 10%
Magic:  4/4        EV: 13    Int: 11    God:    Xom [..*...]
Gold:   137        SH:  5    Dex: 16    Spells: 3/3 levels left

rFire   . . .      SeeInvis .   c - +4 short sword
rCold   . . .      Faith    .   (no shield)
rNeg    . . .      Spirit   .   b - +0 robe
rPois   .          Reflect  +   m - +0 helmet
rElec   .          Harm     .   e - scarf {+Inv}
rCorr   .          Rampage  .   (no gloves)
Will    .....                   k - +0 pair of boots
Stlth   ++........              i - amulet of reflection
HPRegen 0.12/turn               d - +6 ring of strength
MPRegen 0.09/turn               j - +4 ring of protection

@: no status effects
A: yellow scales 1, foul stench 1
a: Renounce Religion, Evoke Invisibility


You were on level 3 of the Dungeon.
You worshipped Xom.
You were a toy of Xom.
You visited 1 branch of the dungeon, and saw 3 of its levels.

You collected 137 gold pieces.

Inventory:

Hand Weapons
 a - a +0 falchion
 c - a +4 short sword (weapon)
Armour
 b - a +0 robe (worn)
 e - a scarf of invisibility (worn)
 k - a +0 pair of boots (worn)
 m - a +0 helmet (worn)
Jewellery
 d - a +6 ring of strength (left hand)
 i - an amulet of reflection (around neck)
 j - a +4 ring of protection (right hand)
Scrolls
 f - a scroll of amnesia
 g - a scroll of teleportation
Potions
 h - a potion of ambrosia {unknown}


   Skills:
 + Level 3.7 Fighting
 + Level 1.7(2.4) Short Blades
 - Level 2.6(3.0) Long Blades
 - Level 2.6 Dodging
 * Level 2.6 Stealth
 + Level 1.0 Evocations


You had 3 spell levels left.
You didn't know any spells.
Your spell library contained the following spells:

 Spells                   Type           Power      Damage    Failure   Level
 Summon Small Mammal      Summ           0%         N/A       34%         1
 Call Canine Familiar     Summ           0%         N/A       71%         3
 Summon Guardian Golem    Hex/Summ       0%         N/A       71%         3


Dungeon Overview and Level Annotations

Branches:
Dungeon (3/15)

Altars:
Hepliaklqana
Wu Jian
Xom


Innate Abilities, Weirdness & Mutations

You are partially covered in yellow scales. (AC +2)
You may rarely emit foul miasma when damaged in melee.


Message History

The orc priest is heavily wounded.
The orc priest calls down the wrath of Beogh upon you.
Beogh smites you! The orc hits you but does no damage.
You are too injured to fight recklessly!
You are too injured to fight recklessly!
You are too injured to fight recklessly!
You are too injured to fight recklessly!
You are too injured to fight recklessly!
You are too injured to fight recklessly!
You are too injured to fight recklessly!
You are too injured to fight recklessly!
You are too injured to fight recklessly!
You are too injured to fight recklessly!
You hit the orc.
The orc is heavily wounded.
The orc priest seems less confused.
The orc priest hits you but does no damage.
You block the orc priest's attack. The orc barely misses you.
You completely miss the orc.
The orc is heavily wounded.
The orc priest barely misses you.
The orc priest mumbles some strange prayers to Beogh against you.
Beogh smites you!
* * * LOW HITPOINT WARNING * * *
The orc hits you but does no damage.
You hit the orc.
You kill the orc!
The orc priest hits you with a +0 dagger.
* * * LOW HITPOINT WARNING * * *
You emit a cloud of foul miasma!
The orc priest hits you but does no damage.
The orc looks very confused.
You hit the orc priest.
The orc priest is heavily wounded.
The orc priest is engulfed in dark miasma.
The orc priest is poisoned.
The orc priest barely misses you.
The orc priest mumbles some strange prayers to Beogh against you.
Pain shoots through your body!
You die...
Xom roars with laughter!

##.##.# #.# #.#..#..#
......# #####.####.#.....#
. ##.#..#
#...........##.#.# #. ...#
#.#########..#.#.#... ####
#........###.†.>.#.## ####
##..≈...≈..##.).......
....
#..........$#.......##
#### #....ooo...⌠#.....#.#
# #####....@).o..$#.....#
# #
#.......≈.).≈..##.#(#.# #
...
#.####........###.#.#.#.##
#.# #.#########..........
# # #..................##
###..............### .
#...########.### .. #...#
#.# #. .....# #.#


You could see 3 orc priests and an orc (confused).

Vanquished Creatures
  2 adders
  2 worms
  2 dart slugs
  2 orcs (D:3)
  2 ball pythons (D:3)
  2 endoplasms (D:2)
  4 giant cockroaches
  A goblin (D:2)
  2 hobgoblins
  9 kobolds
  4 quokkas
  5 bats
  2 frilled lizards
  4 rats (D:1)
43 creatures vanquished.

Notes
Turn   | Place    | Note
-------+----------+-------------------------------------------
     0 | D:1      | meatgazer the Demonspawn Monk began the quest for the Orb.
     0 | D:1      | Reached XP level 1. HP: 18/18 MP: 1/1
   375 | D:1      | Reached skill level 1 in Short Blades
   375 | D:1      | Gained mutation: You are partially covered in yellow
                  | scales. (AC +2) [demonic ancestry]
   375 | D:1      | Reached XP level 2. HP: 24/24 MP: 2/2
  1046 | D:2      | Found an ornate altar of the Wu Jian Council.
  1280 | D:2      | Found a faded altar of an unknown god.
  1357 | D:2      | Reached XP level 3. HP: 29/29 MP: 3/3
  1399 | D:2      | Became a worshipper of Xom of Chaos
  1787 | D:2      | XOM: silly message
  1922 | D:2      | XOM: divination: detect creatures
  2572 | D:3      | Reached skill level 1 in Evocations
  2572 | D:3      | Gained mutation: You may rarely emit foul miasma when
                  | damaged in melee. [demonic ancestry]
  2572 | D:3      | Reached XP level 4. HP: 32/37 MP: 4/4
  2575 | D:3      | XOM: silly message
  2626 | D:3      | Found a hazy altar of Hepliaklqana.
  2649 | D:3      | XOM: confuse monster(s)
  2658 | D:3      | Killed from afar by an orc priest

Illustrated notes

Levels and vault maps discovered:
D:1:      wheals_arrival_linesprint, layout_basic
D:2:      layout_basic, shapermc_ecumenical_altar_totnotflames, basic_altar,
          minmay_misc_feat_room, corner_web_ring, minmay_hexomino_u4
D:3:      cheibrodos_pilgrimage, layout_loops_ring,
          mainiacjoe_overflow_cross_hatched, solitary_fountain,
          grunt_ministairs_3

Skill      XL: |  1  2  3 |
---------------+----------+-----
Short Blades   | 1 |  1.7
Stealth        | 2 |  2.6
Evocations     | 1 |  1.0
Fighting       | |  3.7
Long Blades    | |  2.6
Dodging        | |  2.6

Action                   |  1- 3 |  4- 6 || total
-------------------------+-------+-------++-------
Melee: Short sword       |   104 |    18 ||   122
  Use: Scroll            |     3 |     1 ||     4
       Potion            |     2 |       ||     2
 Stab: Sleeping          |     3 |       ||     3
       Confused          |       |     1 ||     1
Armor: Robe              |    22 |     8 ||    30
Dodge: Dodged            |    71 |     9 ||    80
Block: Other             |     9 |     4 ||    13

Table legend: (Time is in decaauts)
 A = Elapsed time spent in this place.
 B = Non-inter-level travel time spent in this place.
 C = Inter-level travel time spent in this place.
 D = Time resting spent in this place.
 E = Time spent auto-exploring this place.
 F = Levels seen in this place.
 G = Mean time per level.
                   A        B        C        D        E       F      G
               +--------+--------+--------+--------+--------+-----+--------+
         Total |   2655 |   2497 |    158 |      0 |   2126 |   3 |  885.0 |
       Dungeon |   2655 |   2497 |    158 |      0 |   2126 |   3 |  885.0 |
               +--------+--------+--------+--------+--------+-----+--------+

Top non-repeatable levels by time:
     D:2: 1186 daAuts
     D:1: 993 daAuts
     D:3: 474 daAuts
